 Dungeon Crawl Stone Soup version 0.27-a0-1140-g099f9bb0e8 (webtiles) character file.

Game seed: 4053652632557255409

1789 jasper the Transmogrifier (level 9, -2/61 HPs)
             Began as a Merfolk Transmuter on May 9, 2021.
             Slain by an ogre
             ... wielding a +0 giant club
              (12 damage)
             ... on level 6 of the Dungeon.
             The game lasted 00:14:58 (7709 turns).

jasper the Transmogrifier (Merfolk Transmuter)      Turns: 7709, Time: 00:14:59

Health: -2/61      AC:  6    Str: 10    XL:     9   Next: 8%
Magic:  13/13      EV: 13    Int: 16    God:
Gold:   34         SH:  0    Dex: 14    Spells: 4/14 levels left

rFire    . . .     SeeInvis .   n - +2 dagger (elec)
rCold    . . .     Faith    .   (no shield)
rNeg     . . .     Spirit   .   y - +1 robe
rPois    .         Reflect  .   (no helmet)
rElec    .         Harm     .   (no cloak)
rCorr    .         Rampage  .   d - +0 pair of gloves
Will     .....                  z - +1 pair of boots
Stlth    +.........             (no amulet)
HPRegen  0.20/turn              (no ring)
MPRegen  0.13/turn              (no ring)

@: no status effects
A: (nimble swimmer 2), mertail
a: no special abilities


You were on level 6 of the Dungeon.
You visited 1 branch of the dungeon, and saw 6 of its levels.

You collected 251 gold pieces.
You spent 217 gold pieces at shops.

Inventory:

Hand Weapons
 h - a +2 hunting sling of flaming
 n - a +2 dagger of electrocution (weapon)
 w - a +1 hunting sling of freezing
Missiles
 b - 13 boomerangs
 g - 180 stones
 i - 22 poisoned darts (quivered)
 p - 26 sling bullets
Armour
 a - a +0 robe
 c - a +0 pair of boots
 d - a +0 pair of gloves (worn)
 e - a +2 kite shield
 f - a +0 leather armour
 y - a +1 robe (worn)
 z - a +1 pair of boots (worn)
Wands
 A - a wand of charming (11)
Scrolls
 j - 2 scrolls of teleportation
 k - a scroll of fog
 v - a scroll of vulnerability
Potions
 l - a potion of mutation
 o - a potion of cancellation
 q - 2 potions of curing
 r - a potion of flight {unknown}
 s - 2 potions of lignification {unknown}
 t - a potion of degeneration {unknown}
 u - a potion of resistance {unknown}
 x - a potion of brilliance {unknown}


   Skills:
 - Level 2.2 Fighting
 - Level 3.4 Dodging
 - Level 4.4 Unarmed Combat
 - Level 3.1 Spellcasting
 - Level 3.4 Translocations
 + Level 12.1 Transmutations


You had 4 spell levels left.
You knew the following spells:

 Your Spells              Type           Power      Damage    Failure   Level
a - Beastly Appendage     Tmut           82%        N/A       1%          1
b - Wereblood             Tmut           41%        N/A       1%          2
c - Animate Skeleton      Necr           4%         N/A       19%         1
d - Apportation           Tloc           26%        N/A       4%          1
e - Spider Form           Tmut/Pois      11%        N/A       4%          3
f - Blink                 Tloc           N/A        N/A       7%          2

Your spell library contained the following spells:

 Spells                   Type           Power      Damage    Failure   Level
 Ice Form                 Ice/Tmut       22%        N/A       16%         4
 Corona                   Hex            2%         N/A       19%         1
 Magic Dart               Conj           8%         1d3       19%         1
 Summon Small Mammal      Summ           8%         N/A       19%         1
 Call Imp                 Summ           2%         N/A       28%         2
 Slow                     Hex            2%         N/A       28%         2
 Conjure Flame            Conj/Fire      2%         6-21      50%         3
 Mephitic Cloud           Conj/Pois/Air  2%         N/A       50%         3
 Hydra Form               Tmut           20%        N/A       3%          5


Dungeon Overview and Level Annotations

Branches:
Dungeon (6/15)
 Temple: D:4-7

Altars:
Vehumet

Shops:
D:5 [[

Annotations:
D:3 3 runed translucent doors, pokeman's ghost, amateur DEWz


Innate Abilities, Weirdness & Mutations

((You are quick and stealthy near water. (Stealth+, EV+, Speed+++)))
Your lower body shifts to a powerful aquatic tail in water.


Message History

g - Guard the area. f - Follow me.
Anything else - Cancel.
Gang up on whom?
Press: ? - help, Dir - move target, f - water moccasin, p - ogre
Aim: a water moccasin Attack!
Your ogre misses the water moccasin. The water moccasin bites your ogre.
The water moccasin barely misses your ogre.
Your ogre hits the water moccasin with a +0 giant club!
Health restored: 61 The water moccasin bites your ogre.
The water moccasin barely misses your ogre.
Your ogre barely misses the water moccasin.
The water moccasin bites your ogre.
Your ogre is poisoned.
The water moccasin poisons your ogre! The water moccasin bites your ogre.
Your ogre looks as sick as possible!
The water moccasin poisons your ogre!
Your ogre hits the water moccasin with a +0 giant club!
The water moccasin dies!
Your ogre looks more experienced.
You start waiting.
The ogre is no longer charmed.
The ogre hits you with a +0 giant club!
You take 13 damage, and have 48/61 hp.
MASSIVE DAMAGE!!
You barely miss the ogre.
The ogre is severely wounded.
You hit the ogre.
The ogre is severely wounded.
The ogre hits you with a +0 giant club!!
You take 26 damage, and have 22/61 hp.
MASSIVE DAMAGE!!
You completely miss the ogre.
The ogre is almost dead.
The ogre hits you with a +0 giant club!!
* * * LOW HITPOINT WARNING * * *
You take 21 damage, and have 1/61 hp.
MASSIVE DAMAGE!!
Okay, then.
Okay, then.
You feel better. The ogre hits you with a +0 giant club!
You die...

.#.##.....##...##.....##
.#.#.......#...#.......#
†#.#.......'...'.......#
...#.......#...#.......#
#..##.....##...##.....##
#.(###...###...###...##
#.(#########.....#####..
...(.#.....##...........
..(.........#...@.......
.............##O..#.#.##
................### ..
.............c### ..
..............#
........<....## #.
.............##....
....................
....######).#.......


You could see an ogre (very poisoned) and a centaur.

Vanquished Creatures
  Sigmund (D:5)
  A water moccasin (D:6)
  A sky beast (D:6)
  An ice beast (D:5)
  3 ogres
  A centaur (D:5)
  A phantom (D:5)
  A wyvern zombie (D:6)
  A scorpion (D:4)
  2 howler monkeys
  A centaur zombie (D:6)
  An orc priest (D:3)
  5 hounds
  A bullfrog skeleton (D:6)
  An iguana (D:6)
  A centaur skeleton (D:5)
  Natasha (thrice) (D:4)
  4 orc wizards
  2 hound skeletons
  A howler monkey skeleton (D:4)
  6 adders
  A shadow imp (D:4)
  2 white imps
  An adder skeleton (D:4)
  3 worms
  A dart slug (D:2)
  16 orcs
  5 ball pythons
  8 bats
  6 endoplasms
  4 giant cockroaches
  12 goblins
  8 hobgoblins
  6 jackals
  3 quokkas
  3 frilled lizards
  9 kobolds
  12 rats
139 creatures vanquished.

Vanquished Creatures (collateral kills)
  A water moccasin (D:6)
  An ufetubus (D:6)
2 creatures vanquished.

Grand Total: 141 creatures vanquished

Notes
Turn   | Place    | Note
-------+----------+-------------------------------------------
     0 | D:1      | jasper the Merfolk Transmuter began the quest for the Orb.
     0 | D:1      | Reached XP level 1. HP: 15/15 MP: 3/3
    38 | D:1      | Reached XP level 2. HP: 21/21 MP: 3/5
    41 | D:1      | Learned a level 2 spell: Wereblood
   592 | D:1      | Reached XP level 3. HP: 27/27 MP: 6/6
   936 | D:2      | Found a faded altar of an unknown god.
  1678 | D:2      | Reached XP level 4. HP: 28/33 MP: 7/7
  1851 | D:2      | Reached skill level 3 in Transmutations
  2215 | D:2      | Learned a level 1 spell: Animate Skeleton
  2217 | D:2      | Learned a level 1 spell: Apportation
  2393 | D:3      | Reached skill level 4 in Transmutations
  2423 | D:2      | Reached XP level 5. HP: 35/38 MP: 8/8
  2649 | D:3      | Reached skill level 5 in Transmutations
  2654 | D:3      | Learned a level 3 spell: Spider Form
  3066 | D:3      | Found a runed translucent gate.
  3066 | D:3      | Found a runed translucent gate.
  3067 | D:3      | Found a runed translucent gate.
  3067 | D:3      | Noticed pokeman's ghost (amateur DEWz)
  3069 | D:3      | Noticed a kobold brigand
  3357 | D:4      | Reached skill level 6 in Transmutations
  3436 | D:4      | Reached XP level 6. HP: 30/44 MP: 9/9
  3673 | D:4      | Reached skill level 1 in Translocations
  4023 | D:4      | Noticed Natasha
  4031 | D:4      | Killed Natasha
  4036 | D:4      | Learned a level 2 spell: Blink
  4070 | D:4      | Reached XP level 7. HP: 40/50 MP: 11/11
  4292 | D:4      | Noticed Natasha
  4309 | D:4      | Killed Natasha
  4600 | D:4      | Found Juoxecuy's General Store.
  4786 | D:4      | Noticed Natasha
  4792 | D:4      | Killed Natasha
  4945 | D:5      | Entered Level 5 of the Dungeon
  5038 | D:5      | Noticed Sigmund
  5210 | D:5      | Killed Sigmund
  5211 | D:5      | Reached skill level 7 in Transmutations
  5338 | D:5      | Reached skill level 8 in Transmutations
  5338 | D:5      | Reached XP level 8. HP: 56/56 MP: 12/12
  5426 | D:5      | Found Nohuatet's Antique Armour Boutique.
  5584 | D:5      | Reached skill level 9 in Transmutations
  5741 | D:5      | Found a radiant altar of Vehumet.
  5783 | D:5      | Found Sytturil's Antique Armour Shop.
  5791 | D:5      | Bought a pair of runed boots for 217 gold pieces
  6187 | D:5      | Reached skill level 10 in Transmutations
  6559 | D:6      | Reached skill level 11 in Transmutations
  7085 | D:6      | Reached XP level 9. HP: 41/61 MP: 13/13
  7669 | D:6      | Reached skill level 12 in Transmutations
  7708 | D:6      | HP: 1/61 [ogre/+0 giant club (21)]
  7709 | D:6      | Slain by an ogre

Illustrated notes

Levels and vault maps discovered:
D:1:      psy_arrival_terrarium, layout_loops_cross, minmay_pentomino_u2
D:2:      layout_basic, basic_ecumenical_altar, grunt_ministairs_13
D:3:      layout_loops_ring, gammafunk_ghost_nasty_kobolds,
          hangedman_decor_riveting, minivault_26
D:4:      layout_loops_corners, serial_shops, nicolae_shop_trees,
          serial_park_tiny_pond, uniq_natasha
D:5:      layout_cave_pools, nicolae_overflow_crystal_walls, serial_shops,
          nicolae_shop_crystal, shop, uniq_sigmund
D:6:      kennysheep_six_static_rooms, layout_rooms, chequers_jeans,
          grunt_ministairs_7, minmay_manual_mares

Skill      XL: |  1  2  3  4  5  6  7  8  9 |
---------------+----------------------------+-----
Dodging        | 3 |  3.4
Unarmed Combat | 4 |  4.4
Fighting       | 2 |  2.2
Transmutations | 4 6 8 11 12 | 12.1
Translocations | 2 3 |  3.4
Spellcasting   | 3 |  3.1

Action                   |  1- 3 |  4- 6 |  7- 9 || total
-------------------------+-------+-------+-------++-------
Melee: Unarmed           |    10 |    19 |    14 ||    43
       Punch             |     1 |       |     2 ||     3
       Dagger            |     6 |    42 |   158 ||   206
 Fire: Hunting sling     |    73 |    81 |    87 ||   241
Throw: Boomerang         |    15 |     2 |       ||    17
       Dart              |       |     1 |    10 ||    11
 Cast: Beastly Appendage |     3 |       |       ||     3
       Spider Form       |       |     1 |     4 ||     5
Evoke: Wand              |       |       |     1 ||     1
  Use: Scroll            |     4 |     3 |     8 ||    15
       Potion            |       |     2 |     1 ||     3
Armor: Robe              |     3 |       |    35 ||    38
       Leather armour    |     5 |    16 |     6 ||    27
       Skin              |       |       |     1 ||     1
Dodge: Dodged            |    15 |    44 |   151 ||   210

Table legend: (Time is in decaauts)
 A = Elapsed time spent in this place.
 B = Non-inter-level travel time spent in this place.
 C = Inter-level travel time spent in this place.
 D = Time resting spent in this place.
 E = Time spent auto-exploring this place.
 F = Levels seen in this place.
 G = Mean time per level.
                   A        B        C        D        E       F      G
               +--------+--------+--------+--------+--------+-----+--------+
         Total |   7741 |   7455 |    286 |   1430 |   4813 |   6 | 1290.2 |
       Dungeon |   7741 |   7455 |    286 |   1430 |   4813 |   6 | 1290.2 |
               +--------+--------+--------+--------+--------+-----+--------+

Top non-repeatable levels by time:
     D:4: 1888 daAuts
     D:2: 1557 daAuts
     D:5: 1352 daAuts
     D:6: 1125 daAuts
     D:3: 940 daAuts
     D:1: 877 daAuts
